 Dungeon Crawl Stone Soup version 0.30.0-18-gc0e69614cb (webtiles) character file.

Game seed: 16489627651602164130

372 KittyFluff the Cudgeller (level 6, -3/57 HPs)
             Began as a Gargoyle Berserker on May 24, 2023.
             Was a Believer of Trog.
             Slain by Prince Ribbit (9 damage)
             ... on level 5 of the Dungeon.
             The game lasted 00:15:03 (3691 turns).

KittyFluff the Cudgeller (Gargoyle Berserker)       Turns: 3691, Time: 00:15:04

Health: -3/57      AC:  6    Str: 20    XL:     6   Next: 71%
Magic:  6/6        EV: 12    Int:  8    God:    Trog [**....]
Gold:   246        SH:  5    Dex: 11    Spells: 5/5 levels left

rFire   . . .        c - +1 mace (heavy)
rCold   + . .        (no shield)
rNeg    + . .        b - +0 animal skin
rPois   ∞            (no helmet)
rElec   +            (no cloak)
rCorr   .            (no gloves)
SInv    .            (no boots)
Will    .....        h - amulet of reflection Stlth
                     m - ring of protection from cold
HPRegen 0.29/turn    (no ring)
MPRegen 0.10/turn

%: reflection
@: berserking, very quick
A: sickness immunity, AC +4, negative energy resistance 1, electricity
resistance, torment resistance 1, petrification resistance
a: Renounce Religion, Berserk, Trog's Hand


You were on level 5 of the Dungeon.
You worshipped Trog.
Trog was pleased with you.
You visited 1 branch of the dungeon, and saw 5 of its levels.

You collected 246 gold pieces.

Inventory:

Hand Weapons
 a - a +0 mace
 c - a +1 heavy mace (weapon)
Armour
 b - a +0 animal skin (worn)
Jewellery
 h - an amulet of reflection (around neck)
 j - an amulet of faith
 m - a ring of protection from cold (left hand)
Wands
 p - a wand of polymorph (6)
Scrolls
 d - 5 scrolls of noise {unknown}
 e - a scroll of fear {unknown}
 g - a scroll of magic mapping {unknown}
 i - 2 scrolls of teleportation {unknown}
 l - 2 scrolls of acquirement {unknown}
 q - 3 scrolls of immolation {unknown}
 r - a scroll of brand weapon {unknown}
Potions
 f - a potion of flight
 n - a potion of haste
 o - a potion of cancellation
 s - 2 potions of attraction
 t - a potion of magic {unknown}
 u - 2 potions of curing


   Skills:
 + Level 4.2 Fighting
 * Level 5.1 Maces & Flails
 * Level 4.2 Armour
 + Level 2.4 Dodging
 + Level 1.2 Stealth
 + Level 1.0 Shields


You had 5 spell levels left.
You didn't know any spells.
Your spell library was empty.

Dungeon Overview and Level Annotations

Branches:
Dungeon (5/15)             Temple (0/1) D:4

Altars:
Uskayaw

Shops:
D:1 :   D:4 (

Annotations:
D:5 Prince Ribbit


Innate Abilities, Weirdness & Mutations

You are immune to sickness and miasma.
Your stone body is resilient. (AC +4)
You are immune to poison.
You resist negative energy. (rN+)
You are resistant to electric shocks. (rElec)
You are resistant to unholy torment.
You are immune to petrification.


Message History

There is an open door here.
You open the door.
Found Sestrad's Antique Weapon Shoppe.
There is an open door here.
There is an entrance to Sestrad's Antique Weapon Shoppe here.
There is an open door here.
There is a stone staircase leading up here.
Things that are here:
a potion of brilliance; 2 potions of degeneration
There is an open door here.
There is a stone staircase leading down here.
You climb downwards.
Found a wand of polymorph (8), a chain mail and 3 stones.
There is a stone staircase leading up here.
You climb upwards.
There is a stone staircase leading down here.
There is a stone staircase leading down here.
You can't go down here!
There is a stone staircase leading down here.
You climb downwards.
Found a falchion.
There is a stone staircase leading up here.
Prince Ribbit comes into view.
The helpless Prince Ribbit fails to defend himself.
You sock Prince Ribbit!
Prince Ribbit is moderately wounded.
Prince Ribbit hits you! x2; Prince Ribbit completely misses you.
You closely miss Prince Ribbit.
Prince Ribbit is moderately wounded.
You block Prince Ribbit's attack. Prince Ribbit hits you!
* * * LOW HITPOINT WARNING * * *
A red film seems to cover your vision as you go berserk!
You feel yourself moving faster!
You feel mighty! Prince Ribbit misses you.
You barely miss Prince Ribbit.
Prince Ribbit is moderately wounded.
Prince Ribbit blinks!
You closely miss Prince Ribbit.
Prince Ribbit is moderately wounded.
Prince Ribbit hits you!
You die...

#############
...#.......###
#...^.......#
#...........
#####..........
##.#####.....).....#
.......<.###..@F...#
##.####### #######.#


You could see Prince Ribbit.

Vanquished Creatures
  A black bear (D:4)
  A scorpion (D:4)
  2 orc priests (D:4)
  An iguana (D:4)
  7 adders
  2 worms
  3 dart slugs
  An orc (D:4)
  3 bats
  7 endoplasms
  2 giant cockroaches
  3 hobgoblins
  4 quokkas
  8 ball pythons
  4 frilled lizards
  3 goblins
  12 kobolds
  2 rats (D:1)
66 creatures vanquished.

Notes
Turn   | Place    | Note
-------+----------+-------------------------------------------
     0 | D:1      | KittyFluff the Gargoyle Berserker began the quest for the
                  | Orb.
     0 | D:1      | Reached XP level 1. HP: 14/14 MP: 1/1
   366 | D:1      | Found Biukofa's Vocational Training.
   385 | D:1      | Reached XP level 2. HP: 19/19 MP: 2/2
   820 | D:1      | Reached XP level 3. HP: 23/23 MP: 3/3
  1244 | D:2      | Reached ** piety under Trog
  1295 | D:2      | Reached XP level 4. HP: 27/29 MP: 4/4
  1856 | D:3      | Found a hide-covered altar of Uskayaw.
  2091 | D:3      | Found a faded altar of an unknown god.
  2465 | D:4      | Reached XP level 5. HP: 11/33 MP: 5/5
  2466 | D:4      | HP: 1/49 [orc priest/divine providence (11)]
  2471 | D:4      | Reached skill level 4 in Maces & Flails
  2637 | D:4      | Noticed a black bear
  2650 | D:4      | Killed a black bear
  2651 | D:4      | Reached skill level 1 in Stealth
  2651 | D:4      | Reached XP level 6. HP: 7/38 MP: 6/6
  2772 | D:4      | Found a staircase to the Ecumenical Temple.
  2904 | D:4      | Reached skill level 5 in Maces & Flails
  3028 | D:4      | Reached skill level 1 in Shields
  3583 | D:4      | Found Sestrad's Antique Weapon Shoppe.
  3649 | D:5      | Entered Level 5 of the Dungeon
  3680 | D:5      | Noticed Prince Ribbit
  3691 | D:5      | Slain by Prince Ribbit

Illustrated notes

Levels and vault maps discovered:
D:1:      amcnicky_arrival_single_pillar, layout_loops_ring, chequers_big_river,
          corner_web_ring, nicolae_shop_vocational
D:2:      layout_rooms, minmay_quadrilaterals
D:3:      layout_basic, nicolae_uskayaw_dance_hall,
          dreamdust_ecumenical_altar_angels_and_demons, patterned_corridor
D:4:      layout_basic, minmay_temple_entry_mini_moons, serial_shops,
          kennysheep_mini, roderic_roman_lattice,
          minmay_fractal_squares_gapless_5
D:5:      kennysheep_kobold_camp, layout_rooms, fedhas_altar_fruit_tree,
          lemuel_blue_sif_altar, tso_altar, uniq_prince_ribbit1

Skill      XL: |  1  2  3  4  5  6 |
---------------+-------------------+-----
Armour         | 3 4 |  4.2
Dodging        | 2 |  2.4
Fighting       | 4 |  4.2
Maces & Flails | 4 5 |  5.1
Stealth        | 1 |  1.2
Shields        | 1 |  1.0

Action                     |  1- 3 |  4- 6 || total
---------------------------+-------+-------++-------
  Melee: Mace              |   122 |   141 ||   263
         Punch             |     1 |     3 ||     4
 Invoke: Berserk           |       |     3 ||     3
    Use: Scroll            |       |     7 ||     7
   Stab: Sleeping          |       |     1 ||     1
 Armour: Animal skin       |    43 |    42 ||    85
  Dodge: Dodged            |    72 |    82 ||   154
  Block: Other             |    12 |    22 ||    34
         Reflection        |     1 |       ||     1
